 Dungeon Crawl Stone Soup version 0.20-a0-266-gdedccd6 (webtiles) character file.

96 gamerape the Skirmisher (level 4, 0/35 HPs)
             Began as a Demonspawn Fighter on Dec 5, 2016.
             Succumbed to an adder's poison
             ... on level 2 of the Dungeon.
             The game lasted 00:04:22 (1547 turns).

gamerape the Skirmisher (Demonspawn Fighter)        Turns: 1547, Time: 00:04:22

Health: 0/35       AC:  8    Str: 19 (22) XL:     4   Next: 41%
Magic:  13/13      EV:  7    Int: 13 (14) God:
Gold:   112        SH:  9    Dex: 11 (13) Spells: 3/3 levels left

rFire  . . .     SeeInvis .     a - +0 flail
rCold  . . .     Gourm    .     b - +0 scale mail
rNeg   . . .     Faith    .     c - +0 shield
rPois  .         Spirit   .     (helmet restricted)
rElec  .         Reflect  .     (no cloak)
rCorr  .         Harm     .     (no gloves)
MR     .....                    (no boots)
Stlth  ..........               m - amulet of magic regeneration
                                (no ring)
                                i - ring of magical power

@: mighty, brilliant, lethally poisoned (0 -> -12)
A: antennae 1, icy blue scales 1, demonic guardian 1
a: no special abilities


You were on level 2 of the Dungeon.
You were hungry.

You visited 1 branch of the dungeon, and saw 2 of its levels.

You collected 112 gold pieces.

Inventory:

Hand Weapons
 a - a +0 flail (weapon)
Armour
 b - a +0 scale mail (worn)
 c - a +0 shield (worn)
Jewellery
 i - a ring of magical power (left hand)
 m - an amulet of magic regeneration (around neck)
Scrolls
 e - 4 scrolls of identify {unknown}
 j - a scroll of enchant armour {unknown}
 n - a scroll of teleportation {unknown}
 p - a scroll of recharging {unknown}
 q - a scroll of magic mapping {unknown}
Potions
 k - a potion of agility {unknown}
 l - a potion of cure mutation {unknown}
 o - a potion of flight {unknown}
Comestibles
 f - 4 bread rations


   Skills:
 * Level 3.5 Fighting
 * Level 2.6 Maces & Flails
 + Level 3.1 Armour
 + Level 0.8 Dodging
 + Level 3.3 Shields


You had 3 spell levels left.
You didn't know any spells.

Dungeon Overview and Level Annotations

Branches:
Dungeon (2/15)

Altars:
Kikubaaqudgha


Innate Abilities, Weirdness & Mutations

You have a pair of small antennae on your head.
You are partially covered in icy blue scales. (AC +2)
A weak demonic guardian rushes to your aid.


Message History

You sock the adder!
The adder is severely wounded.
* * * LOW HITPOINT WARNING * * *
You feel sick. The adder bites you.
* * * LOW HITPOINT WARNING * * *
You are more poisoned.
The adder poisons you! The adder bites you but does no damage.
You hit the adder.
You kill the adder!
* * * LOW HITPOINT WARNING * * *
You feel sick.
Unknown command.
It was a potion of brilliance.
You feel clever all of a sudden.
* * * LOW HITPOINT WARNING * * *
You feel sick.
It was a potion of degeneration.
There was something very wrong with that liquid.
You feel weakened.
You feel dopey.
You feel clumsy.
You die...

#........# #.#....#....#
#........###.#.####.##..
#.......................
#...†..#####.######.....
#......# #.....####...
#......# ###)†...# #...
#......# #.......# #...
##########.......# #)..
#.@...._......##)..
#†#.......###......
...#.......# ###...
.....#.....### ####
#.....#.....#
#####.#####.# #. .# ##
##


There were no monsters in sight!

Vanquished Creatures
  3 adders (D:2)
  An ooze (D:1)
  2 worms (D:2)
  3 dart slugs
  A leopard gecko (D:2)
  2 giant cockroaches
  6 goblins
  8 hobgoblins
  6 jackals
  8 bats
  3 frilled lizards
  6 kobolds
  2 rats
51 creatures vanquished.

Notes
Turn   | Place    | Note
-------+----------+-------------------------------------------
     0 | D:1      | gamerape the Demonspawn Fighter began the quest for the Orb.
     0 | D:1      | Reached XP level 1. HP: 18/18 MP: 1/1
   251 | D:1      | Gained mutation: You have a pair of small antennae on your head. [demonic ancestry]
   251 | D:1      | Reached XP level 2. HP: 23/24 MP: 2/2
   609 | D:1      | Gained mutation: You are partially covered in icy blue scales. (AC +2) [demonic ancestry]
   609 | D:1      | Reached XP level 3. HP: 28/29 MP: 3/3
  1124 | D:2      | Gained mutation: A weak demonic guardian rushes to your aid. [demonic ancestry]
  1124 | D:2      | Reached XP level 4. HP: 22/35 MP: 4/4
  1505 | D:2      | Found an ancient bone altar of Kikubaaqudgha.
  1546 | D:2      | HP: 1/35 [poisoned by an adder]
  1547 | D:2      | Succumbed to an adder's poison

Vault maps used:
D:1:      dpeg_arrival_pond, minivault_14, hangedman_decor_points
D:2:      nicolae_overflow_crystal_walls, minmay_misc_feat_chi,
          minmay_misc_feat_pillars

Skill      XL: |  1  2 |
---------------+-------+-----
Shields        | 3 |  3.3
Armour         | 3 |  3.1
Maces & Flails | 2 |  2.6
Fighting       | |  3.5
Dodging        | |  0.8

Action                   |  1- 3 |  4- 6 || total
-------------------------+-------+-------++-------
Melee: Flail             |   143 |    72 ||   215
  Use: Potion            |       |     3 ||     3
  Eat: Chunk             |     1 |     1 ||     2
Armor: Scale mail        |    86 |    36 ||   122
Dodge: Dodged            |    49 |    28 ||    77
Block: Shield            |    86 |    36 ||   122
